 Dungeon Crawl Stone Soup version 0.20.0-9-g8272e65 (webtiles) character file.

172 Kosschaser the Skirmisher (level 5, 0/28 HPs)
             Began as a Vine Stalker Fighter on June 3, 2017.
             Slain by an ogre
             ... wielding a +0 giant club
              (6 damage)
             ... on level 3 of the Dungeon.
             The game lasted 00:08:17 (2775 turns).

Kosschaser the Skirmisher (Vine Stalker Fighter)    Turns: 2775, Time: 00:08:17

Health: 0/28       AC:  6    Str: 20    XL:     5   Next: 52%
Magic:  0/6        EV:  7    Int:  8    God:
Gold:   93         SH:  9    Dex: 13    Spells: 4/4 levels left

rFire    . . .     SeeInvis .   t - +0 falchion
rCold    . . .     Gourm    .   c - +0 shield
rNeg     + . .     Faith    .   b - +0 scale mail
rPois    .         Spirit   +   (no helmet)
rElec    .         Reflect  .   (no cloak)
rCorr    .         Harm     .   (no gloves)
MR       .....                  (no boots)
Stlth    ..........             (no amulet)
Regen    0.5/turn               v - ring of positive energy
MPRegen  0.1/turn               (no ring)

@: no status effects
A: fangs 2, regeneration 1, magic shield, antimagic bite, no potion heal 3, rot
immunity
a: no special abilities


You were on level 3 of the Dungeon.
You were not hungry.

You visited 1 branch of the dungeon, and saw 4 of its levels.

You collected 93 gold pieces.

Inventory:

Hand Weapons
 t - a +0 falchion (weapon)
Armour
 b - a +0 scale mail (worn)
 c - a +0 shield (worn)
Jewellery
 v - a ring of positive energy (left hand)
Scrolls
 a - a scroll of enchant weapon {unknown}
 e - 2 scrolls of recharging {unknown}
 h - a scroll of identify {unknown}
 k - a scroll of blinking {unknown}
 n - 2 scrolls of magic mapping {unknown}
 p - a scroll of fog {unknown}
 q - a scroll of remove curse {unknown}
 r - a scroll of teleportation {unknown}
 u - a scroll of noise {unknown}
Potions
 d - a potion of might
 g - 2 potions of degeneration {unknown}
 i - a potion of curing {unknown}
 m - a potion of heal wounds {unknown}
 o - a potion of magic {unknown}
 w - a potion of agility {unknown}
Books
 s - a book of Cantrips

   Spells                             Type                      Level
   a - Confusing Touch                Hexes                        1
   b - Animate Skeleton               Necromancy                   1
   c - Summon Small Mammal            Summoning                    1
   d - Apportation                    Translocation                1
Comestibles
 f - 2 bread rations
 j - 2 meat rations
 l - 2 fruits
 x - a royal jelly


   Skills:
 + Level 3.3 Fighting
 + Level 3.1 Long Blades
 + Level 3.3 Armour
 * Level 1.0 Dodging
 + Level 3.1 Shields


You had 4 spell levels left.
You didn't know any spells.

Dungeon Overview and Level Annotations

Branches:
Dungeon (4/15)
 Temple: D:4-7

Altars:


Innate Abilities, Weirdness & Mutations

You have extremely sharp teeth.
Your natural rate of healing is unusually fast.
When hurt, damage is shared between your health and your magic reserves.
Your bite disrupts and absorbs the magic of your enemies.
Potions cannot restore your health.
You are immune to rotting.


Message History

You feel invigorated.
The ogre is lightly wounded.
The ogre barely misses you.
You riposte.
You hit the ogre. You bite the ogre, but do no damage.
The ogre is moderately wounded.
You completely miss the ogre. You bite the ogre, but do no damage.
The ogre is moderately wounded.
The ogre completely misses you.
You slash the ogre! You bite the ogre. You drain its power.
The ogre is heavily wounded.
You block the ogre's attack.
Your shield prevents you from hitting the ogre.
Your bite misses the ogre.
The ogre is heavily wounded.
The ogre hits you with a giant club!!
Ouch! That really hurt!
* * * LOW HITPOINT WARNING * * *
The ogre closely misses you.
You open the large door. The ogre hits you with a giant club!
You die...

.........###........#.......#...)
.........# #.########.....#.#.###
#####...## #÷#..............#.#..
.# #...# #.#.##.#..#......#....
.# #...# #.#.###########..###.#
.# ########'#...................
.# #....##........##..##### .#
#....''................. .#######
#....##@.........#.#####
.......###....##.O........#..# #
..............##....###...#..## #
..............#########...#...###
..............########....#.#.#..
.......###....#...........#...#.#
..........................##..#.#
######....................##..#..
# #.........÷######........###


You could see an ogre.

Vanquished Creatures
  An orc priest (D:3)
  4 adders
  2 oozes (D:3)
  A worm (D:2)
  A dart slug (D:1)
  3 leopard geckos (D:1)
  7 orcs
  8 bats
  3 giant cockroaches
  10 goblins
  7 hobgoblins
  11 jackals
  8 kobolds
  A quokka (D:3)
  2 ball pythons
  3 frilled lizards
  7 rats
79 creatures vanquished.

Notes
Turn   | Place    | Note
-------+----------+-------------------------------------------
     0 | D:1      | Kosschaser the Vine Stalker Fighter began the quest for the Orb.
     0 | D:1      | Reached XP level 1. HP: 11/11 MP: 2/2
    76 | D:1      | Reached XP level 2. HP: 12/16 MP: 3/3
   461 | D:1      | Reached XP level 3. HP: 16/20 MP: 4/4
  1081 | D:1      | Gained mutation: Your natural rate of healing is unusually fast. [Vine Stalker growth]
  1081 | D:1      | Reached XP level 4. HP: 22/24 MP: 5/5
  2032 | D:3      | Reached skill level 1 in Dodging
  2032 | D:3      | Reached XP level 5. HP: 9/28 MP: 1/6
  2694 | D:4      | Noticed an ogre
  2764 | D:3      | HP: 1/28 [ogre/giant club (23)]
  2775 | D:3      | Slain by an ogre

Skill      XL: |  1  2  3  4  5 |
---------------+----------------+-----
Long Blades    | 2 3 |  3.1
Fighting       | 3 |  3.3
Armour         | 3 |  3.3
Shields        | 3 |  3.1
Dodging        | 1 |  1.0

Action                   |  1- 3 |  4- 6 || total
-------------------------+-------+-------++-------
Melee: Long sword        |    97 |    88 ||   185
       Bite              |    32 |    46 ||    78
       Falchion          |       |    36 ||    36
  Eat: Chunk             |       |     6 ||     6
Armor: Scale mail        |    34 |    53 ||    87
Dodge: Dodged            |    32 |    66 ||    98
Block: Shield            |    54 |    29 ||    83
       Rpst.: Long sword |     7 |    10 ||    17
       Falchion          |       |     4 ||     4
